 Dungeon Crawl Stone Soup version 0.32-a0-22-g6ae6769602 (webtiles) character file.

Game seed: 15991171444479650050

1387140 ragingrage the Scorcher (level 27, 185/191 HPs)
             Began as a Formicid Alchemist on Jan 18, 2024.
             Was the Champion of Nemelex Xobeh.
             Escaped with the Orb
             ... and 3 runes on Jan 19, 2024!
             The game lasted 03:30:34 (100186 turns).

ragingrage the Scorcher (Formicid Alchemist)      Turns: 100186, Time: 03:30:35

Health: 185/191    AC: 26    Str: 24    XL:     27
Magic:  41/41      EV: 16    Int: 31    God:    Nemelex Xobeh [******]
Gold:   1014       SH: 25    Dex:  6    Spells: 2/54 levels left

rFire   + + +        a - staff "Cuxued" {Fly Int+5 Dex-5 Conj}
rCold   + . .        B - +7 tower shield of Unatiska {Rampage rPois}
rNeg    . . .        C - +9 ring mail of the Four of Wands {Rampage rC- Dex+4 Stlth+}
rPois   +            (helmet unavailable)
rElec   .            D - +1 cloak {Will+}
rCorr   +            f - +2 pair of gloves {Str+3}
SInv    +            M - +2 pair of boots
Will    ++++.        l - amulet "Zausoff" {RegenMP Fly rF+ Will+ rCorr}
Stlth   ++           N - ring of Miwicw {rF+ rCorr EV+5 Str+5 Dex-5}
HPRegen 0.51/turn    E - ring "Cemu" {rF+ rC++ Dex-2}
MPRegen 0.67/turn

%: rampage
@: flying, studying Short Blades
A: permanent stasis, dig shafts and tunnels, antennae 3, four strong arms, fangs
1, talons 1, deterioration 1, frail 1, inability to read after injury 1, noise
suppression
0: Orb of Zot
}: 3/15 runes: decaying, slimy, gossamer
a: Dig, Shaft Self, Renounce Religion, Draw Escape, Draw Destruction, Draw
Summoning, Draw Stack, Triple Draw, Deal Four, Stack Five


You escaped.
You worshipped Nemelex Xobeh.
Nemelex Xobeh was exalted by your worship.
You visited 12 branches of the dungeon, and saw 53 of its levels.
You visited 2 bazaars.
You also visited: Ice Cave and Volcano.

You collected 6181 gold pieces.
You spent 5167 gold pieces at shops.

Inventory:

Armour
 f - a +2 pair of gloves of strength (worn)
 r - a +0 kite shield of protection
 B - the +7 tower shield of Unatiska (worn) {Rampage rPois}
   (You took it off Mennas on level 3 of the Vaults)

   rPois:     It protects you from poison Rampage: It bestows one free step when
   moving towards enemies.
 C - the +9 ring mail of the Four of Wands (worn) {Rampage rC- Dex+4 Stlth+}
   (You bought it in a shop in a bazaar)

   Dex+4:     It affects your dexterity (+4).
   rC-:       It makes you vulnerable to cold.
   Rampage:   It bestows one free step when moving towards enemies.
   Stlth+:    It makes you more stealthy.
 D - a +1 cloak of willpower (worn)
 M - a +2 pair of boots (worn)
Magical Staves
 a - the staff "Cuxued" (weapon) {Fly Int+5 Dex-5 Conj}
   (You found it on level 3 of the Elven Halls)

   [staff of conjuration]

   Base accuracy: +5 Base damage: 5 Base attack delay: 1.2 This weapon's minimum
   attack delay (0.6) is reached at skill level 12.
   Int+5:     It affects your intelligence (+5).
   Dex-5:     It affects your dexterity (-5).
   Fly:       It grants you flight.
   Conj:      It increases the power of your Conjurations spells.
   It falls into the 'Staves' category.
   It is a weapon for one hand-pair.
 b - a staff of fire
 F - the staff "Fixuoleo" {Int+2 Dex+2 Air Earth}
   (You found it on level 3 of the Elven Halls)

   [staff of earth]

   Base accuracy: +5 Base damage: 5 Base attack delay: 1.2 This weapon's minimum
   attack delay (0.6) is reached at skill level 12.
   Int+2:     It affects your intelligence (+2).
   Dex+2:     It affects your dexterity (+2).
   Air:       It increases the power of your Air spells.
   Earth:     It increases the power of your Earth spells.
   It falls into the 'Staves' category.
   It is a weapon for one hand-pair.
Jewellery
 j - the ring of Quem Jorr {rC+ Will+ MP+9 Str+6 Dex-2}
   (You found it on level 5 of the Pits of Slime)

   [ring of strength]

   Str+6:     It affects your strength (+6).
   Dex-2:     It affects your dexterity (-2).
   rC+:       It protects you from cold.
   Will+:     It increases your willpower.
   MP+9:      It affects your magic capacity (+9).
 l - the amulet "Zausoff" (around neck) {RegenMP Fly rF+ Will+ rCorr}
   (You bought it in a shop on level 2 of the Orcish Mines)

   [amulet of magic regeneration]

   RegenMP:   It increases your rate of magic regeneration.
   rF+:       It protects you from fire.
   Will+:     It increases your willpower.
   Fly:       It grants you flight.
   rCorr:     It protects you from acid and corrosion.
 m - a ring of positive energy
 E - the ring "Cemu" (right hand) {rF+ rC++ Dex-2}
   (You bought it in a shop on level 4 of the Depths)

   [ring of protection from fire]

   Dex-2:     It affects your dexterity (-2).
   rF+:       It protects you from fire.
   rC++:      It greatly protects you from cold.
 N - the ring of Miwicw (left hand) {rF+ rCorr EV+5 Str+5 Dex-5}
   (You bought it in a shop on level 1 of the Depths)

   [ring of evasion]

   EV+5:      It affects your evasion (+5).
   Str+5:     It affects your strength (+5).
   Dex-5:     It affects your dexterity (-5).
   rF+:       It protects you from fire.
   rCorr:     It protects you from acid and corrosion.
Wands
 e - a wand of iceblast (31)
 o - a wand of paralysis (44)
 x - a wand of light (41)
 y - a wand of flame (97)
 Q - a wand of mindburst (62)
 U - a wand of polymorph (28)
 Z - a wand of digging (12)
Scrolls
 c - 5 scrolls of fog
 d - 7 scrolls of amnesia
 i - 3 scrolls of brand weapon
 n - a scroll of noise
 q - 7 scrolls of revelation
 s - 10 scrolls of fear
 v - 2 scrolls of silence
 G - 4 scrolls of immolation
 I - 8 scrolls of poison
 J - a scroll of acquirement
 L - 8 scrolls of torment
 V - a scroll of enchant armour
 Y - 2 scrolls of vulnerability
Potions
 g - 8 potions of might
 h - 13 potions of heal wounds
 p - 7 potions of attraction
 t - 5 potions of resistance
 u - 7 potions of enlightenment
 w - 3 potions of lignification
 z - 11 potions of brilliance
 A - 9 potions of curing
 O - 10 potions of magic
 S - 2 potions of cancellation
 T - 4 potions of invisibility
 X - 5 potions of ambrosia
Miscellaneous
 H - a lightning rod (4/4)
 K - a phantom mirror
 R - a phial of floods


   Skills:
 + Level 16.7 Fighting
 - Level 8.0 Staves
 - Level 11.0 Armour
 - Level 9.4 Dodging
 - Level 9.0 Stealth
 - Level 18.0 Shields
 - Level 14.0 Spellcasting
 + Level 16.5 Conjurations
 - Level 8.0 Hexes
 - Level 15.0 Summonings
 - Level 20.3 Fire Magic
 - Level 8.0 Ice Magic
 - Level 5.0 Air Magic
 - Level 15.0 Earth Magic
 - Level 10.0 Alchemy
 - Level 14.0 Invocations
 - Level 10.0 Evocations


You had 2 spell levels left.
You knew the following spells:

 Your Spells              Type           Power      Damage    Failure   Level
a - Spellforged Servitor  Conj/Summ      54%        N/A       8%          7
b - Irradiate             Conj/Alch      51%        3d28      1%          5
c - Bombard               Conj/Erth      54%        9d9       1%          6
d - Sticky Flame          Fire/Alch      86%        2d13      1%          4
e - Ignition              Fire           49%        3d14      9%          8
g - Yara's Violent Unrav  Hex/Alch       33%        3d14      4%          5
h - Freezing Cloud        Conj/Ice/Air   44%        6-21      2%          5
i - Fireball              Conj/Fire      58%        3d22      1%          5
j - Orb of Destruction    Conj           56%        9d14      5%          7

Your spell library contained the following spells:

 Spells                   Type           Power      Damage    Failure   Level
 Foxfire                  Conj/Fire      100%       2x1d9     0%          1
 Magic Dart               Conj           100%       1d8       0%          1
 Sandblast                Erth           100%       2d20      0%          1
 Summon Small Mammal      Summ           100%       N/A       0%          1
 Scorch                   Fire           100%       2d9       0%          2
 Searing Ray              Conj           100%       2d8       0%          2
 Freeze                   Ice            100%       1d10      1%          1
 Kiss of Death            Conj/Necr      100%       2d13      1%          1
 Shock                    Conj/Air       100%       1d9       1%          1
 Slow                     Hex            100%       N/A       1%          1
 Sting                    Conj/Alch      100%       1d9       1%          1
 Call Imp                 Summ           100%       N/A       1%          2
 Cigotuvi's Dreadful Rot  Necr/Alch/Air  100%       N/A       1%          2
 Ensorcelled Hibernation  Hex/Ice        100%       N/A       1%          2
 Jinxbite                 Hex            100%       N/A       1%          2
 Mercury Vapours          Alch/Air       100%       N/A       1%          2
 Momentum Strike          Conj/Tloc      100%       3d10      1%          2
 Necrotise                Necr           84%        1d8       6%          1
 Lesser Beckoning         Tloc           42%        N/A       9%          2
 Sublimation of Blood     Necr           21%        N/A       9%          2
 Call Canine Familiar     Summ           85%        N/A       1%          3
 Confusing Touch          Hex            63%        N/A       1%          3
 Frozen Ramparts          Ice            100%       1d16      1%          3
 Hailstorm                Conj/Ice       98%        3d15      1%          3
 Inner Flame              Hex/Fire       83%        N/A       1%          3
 Mephitic Cloud           Conj/Alch/Air  92%        N/A       1%          3
 Ozocubu's Armour         Ice            63%        N/A       1%          3
 Passwall                 Erth           85%        N/A       1%          3
 Sigil of Binding         Hex            63%        N/A       1%          3
 Stone Arrow              Conj/Erth      100%       3d13      1%          3
 Summon Ice Beast         Ice/Summ       75%        N/A       1%          3
 Tukima's Dance           Hex            63%        N/A       1%          3
 Brom's Barrelling Bould  Conj/Erth      100%       2d11      1%          4
 Flame Wave               Conj/Fire      100%       2d21      1%          4
 Fulminant Prism          Conj/Alch      51%        3d23      1%          4
 Ignite Poison            Fire/Alch      86%        N/A       1%          4
 Iskenderun's Mystic Bla  Conj/Tloc      83%        2d16      1%          4
 Leda's Liquefaction      Alch/Erth      39%        N/A       1%          4
 Olgreb's Toxic Radiance  Alch           70%        N/A       1%          4
 Petrify                  Alch/Erth      78%        N/A       1%          4
 Summon Blazeheart Golem  Fire/Summ      92%        N/A       1%          4
 Iskenderun's Battlesphe  Conj           100%       2d15      1%          5
 Summon Mana Viper        Hex/Summ       75%        N/A       1%          5
 Starburst                Conj/Fire      58%        6d16      1%          6
 Cause Fear               Hex            31%        N/A       2%          4
 Martyr's Knell           Necr/Summ      62%        N/A       2%          4
 Plasma Beam              Fire/Air       39%        2x1d53    4%          6
 Metabolic Englaciation   Hex/Ice        31%        N/A       6%          5
 Anguish                  Hex/Necr       23%        N/A       11%         4
 Dimensional Bullseye     Hex/Tloc       23%        N/A       11%         4
 Conjure Ball Lightning   Conj/Air       46%        3x3d16    11%         6
 Monstrous Menagerie      Summ           42%        N/A       11%         7
 Summon Hydra             Summ           42%        N/A       11%         7
 Fugue of the Fallen      Necr           21%        N/A       17%         3
 Gell's Gravitas          Tloc           21%        N/A       17%         3
 Teleport Other           Tloc           21%        N/A       17%         3
 Vampiric Draining        Necr           21%        2d7       17%         3
 Sculpt Simulacrum        Ice/Alch       33%        N/A       22%         6
 Dispel Undead            Necr           21%        3d11      50%         4
 Manifold Assault         Tloc           21%        N/A       50%         4
 Curse of Agony           Necr           21%        N/A       85%         5
 Enfeeble                 Hex            31%        N/A       88%         7
 Malign Gateway           Summ/Tloc      31%        N/A       92%         7
 Dispersal                Tloc           10%        N/A       100%        6
 Disjunction              Tloc           10%        N/A       100%        8
 Dragon's Call            Summ           42%        N/A       100%        9
 Blink                    Tloc           Unusable   N/A       N/A         2
 Swiftness                Air            Unusable   N/A       N/A         3
 Vhi's Electric Charge    Tloc/Air       Unusable   N/A       N/A         4

Dungeon Overview and Level Annotations

Branches:
Dungeon (15/15)            Temple (1/1) D:7            Lair (5/5) D:9
  Swamp (4/4) Lair:3       Spider (4/4) Lair:2        Slime (5/5) Lair:4
    Orc (2/2) D:11            Elf (3/3) Orc:2        Vaults (4/5) D:14
  Crypt (1/3) Vaults:3     Depths (4/4) D:15            Zot (5/5) Depths:4
  IceCv (visited)         Volcano (visited)

Altars:
Ashenzari
Cheibriados
Dithmenos
Elyvilon
Fedhas
Gozag
Hepliaklqana
Kikubaaqudgha
Makhleb
Nemelex Xobeh
Okawaru
Qazlal
Ru
Sif Muna
Trog
Uskayaw
Vehumet
Wu Jian
Xom
Yredelemnul
Zin
The Shining One
Lugonu

Shops:
D:6 !   Orc:1 =   Orc:2 =[(=   Elf:1 !   Vaults:3 (   Depths:1 :((=
Depths:2 [   Depths:4 **=(

Portals:
Hell: Depths:1 Depths:2 Depths:3 Depths:4
Abyss: D:5 Depths:2 Depths:3
Pandemonium: Depths:1
Ziggurat: Depths:2

Annotations:
D:5 2 transporters, hikkokomori's ghost, novice MfGl
D:11 exclusion: orange crystal statue
Lair:5 2 runed translucent doors
Slime:5 1 exclusion
Elf:2 3 runed translucent doors
Depths:2 exclusions: dread lich and 5 more exclusions
Zot:2 2 transporters
Zot:5 2 exclusions


Innate Abilities, Weirdness & Mutations

You cannot be hasted, slowed, berserked, paralysed or teleported.
You can dig through walls and to a lower floor.
You have a pair of large antennae on your head. (SInv)
Your four strong arms can wield two-handed weapons with a shield.
You have very sharp teeth.
You have sharp toenails.
Your body sometimes deteriorates upon taking damage.
You are frail. (-10% HP)
You occasionally lose the ability to read scrolls when taking damage.
You passively dampen the noise of your surroundings.


Message History

(N) Spider Nest (M) Slime Pits (O) Orcish Mines (E) Elven Halls (V) Vaults (C) Crypt (U) Depths (H) Hell (Z) Zot
Where to? (Tab/Enter - D:1 @ (x,y), ? - help)
What level of the Dungeon? (default 1, ? - help)
You see here a +0 dagger.
There is a stone staircase leading up here.
You fly upwards.
There is a stone staircase leading down here.
A demonspawn corrupter and a cacodemon come into view.
The demonspawn corrupter is wielding a +1 demon whip of freezing.
The cacodemon shouts!
Okay, then.
Aiming: Dig
Press: ? - help, Shift-Dir - straight line A rock wall.
This square is covered in magical glow.
The rock shatters into small pieces.
The demonspawn corrupter calls forth creatures from the Abyss!
The cacodemon gestures at you.
Strange energies course through your body.
You feel yourself wasting away. A chorus of shrieks assaults your mind.
A chorus of shrieks assaults your mind.
There is a stone staircase leading up here.
A starcursed mass splits. x2
You fly upwards.
There is a stone staircase leading down here.
(D) Dungeon (T) Temple (L) Lair (S) Swamp (N) Spider Nest (M) Slime Pits (O) Orcish Mines (E) Elven Halls (V) Vaults (C) Crypt (U) Depths (H) Hell (Z) Zot
Where to? (Tab/Enter - D:1 @ (x,y), ? - help)
What level of the Dungeon? (default 1, ? - help)
You reach down and open the door. 4 hell hogs come into view.
The hell hog moves out of view.
There is an open door here.
There is a staircase leading out of the dungeon here.
You have escaped!

###### #....# #'##.# #@##.####
#'#{h...## #.h..h.h.## #######
#.....{...# ##..)..## #.......h.#
###.......## #.........######
.#.........# #..............#
.......)...# ##.........###.##
##.........####.....)....#...####


You could see a hell hog.

Vanquished Creatures
  the Royal Jelly (Slime:5)
  A dread lich (Zot:5)
  2 orbs of fire
  An ancient lich (Zot:5)
  A juggernaut (Depths:2)
  Josephina (Zot:3)
  Bai Suzhen (Spider:4)
  A Killer Klown (Zot:3)
  10 golden dragons
  Arachne (Spider:4)
  Rupert (Lair:4)
  5 electric golems
  9 tentacled monstrosities
  A lich (Depths:4)
  16 Orb Guardians
  Jorgrun (Swamp:2)
  A titan (Depths:3)
  An Ice Fiend (D:3)
  2 deep elf blademasters (Elf:3)
  A deep elf master archer (Elf:3)
  13 acid blobs
  A thorn hunter (Swamp:1)
  11 death cobs
  3 sphinxes
  An ancient champion (Crypt:1)
  3 quicksilver dragons
  11 storm dragons
  Kirke (D:12)
  2 tengu reavers
  6 shadow dragons
  Agnes (D:15)
  14 azure jellies
  4 rockslimes
  6 draconian monks
  4 protean progenitors
  A fenstrider witch (Swamp:3)
  5 fire giants
  3 frost giants
  4 draconian knights
  5 deep elf sorcerers
  3 iron dragons
  2 emperor scorpions (Spider:4)
  6 draconian shifters
  A juggernaut zombie (Depths:1)
  A deep elf elementalist (Elf:3)
  12 draconian scorchers
  16 vault wardens
  9 ghost moths
  A balrug (Depths:2)
  7 draconian annihilators
  14 ironbound preservers
  12 stone giants
  A spriggan defender (Depths:2)
  5 draconian stormcallers
  5 formless jellyfish
  12 quicksilver oozes
  2 vampire knights
  7 ironbound thunderhulks
  2 very ugly things (Depths:4)
  2 broodmothers (Spider:3)
  Nessos (D:15)
  9 green draconians
  3 eleionomae
  4 deep elf death magi (Elf:3)
  4 deep elf demonologists (Elf:3)
  17 black draconians
  17 dire elephants
  8 deep elf annihilators
  11 white draconians
  4 bunyips
  3 war gargoyles
  12 red draconians
  19 yellow draconians
  3 spark wasps
  8 purple draconians
  3 eidola
  8 ettins
  7 entropy weavers
  A blizzard demon (Depths:1)
  3 jiangshi (Depths:2)
  9 fire dragons
  8 yaktaur captains
  A hell beast (Depths:2)
  12 great orbs of eyes
  3 rakshasas
  4 deep elf high priests
  7 vault guards
  7 ice dragons
  3 jorogumos (Spider:4)
  An ogre mage (D:15)
  Erolcha (D:12)
  4 ghost crabs
  18 hydras
  4 spriggan air magi
  3 radroaches
  A peacekeeper (Vaults:3)
  8 two-headed ogres
  A satyr (Zot:4)
  19 ironbound frosthearts
  19 centaur warriors
  6 boulder beetles
  9 dancing weapons
  A death knight (Crypt:1)
  4 death yaks
  4 alligators
  6 deep troll earth magi
  2 deep troll shamans
  3 tengu warriors
  A hell hog (Depths:3)
  10 demonic crawlers
  4 occultists
  11 spriggan berserkers
  3 vampire magi
  3 hell knights (Depths:3)
  5 orc high priests (Orc:2)
  A shock serpent (Zot:3)
  A titan skeleton (Depths:1)
  Nergalle (D:10)
  8 deep elf knights
  A storm dragon zombie (Depths:1)
  A soul eater (Depths:1)
  3 sun demons
  5 iron trolls
  3 sixfirhies
  3 goliath frogs
  2 skeletal warriors
  4 skysharks
  5 pharaoh ants
  2 spriggan druids (Swamp:1)
  16 orb spiders
  A tengu zombie (Vaults:1)
  9 swamp dragons
  6 arcanists
  12 steelbarb worms
  A spectral hydra (Lair:3)
  3 glowing orange brains (Depths:4)
  2 flayed ghosts (Depths:2)
  4 bog bodies
  39 deep trolls
  6 orc knights
  A shadow demon (Depths:1)
  15 lindwurms
  A mana viper (D:9)
  5 sun moths
  2 orange crystal statues (Elf:3)
  15 harpies
  17 ironbound convokers
  A harpy (shapeshifter) (D:14)
  31 deep elf pyromancers
  7 necromancers
  3 orc sorcerers
  11 deep elf archers
  A phantasmal warrior (Crypt:1)
  5 lightning spires (Zot:3)
  18 wolf spiders
  6 cyclopes
  5 manticores
  20 deep elf zephyrmancers
  29 ugly things
  A moth of wrath (shapeshifter) (Depths:2)
  2 will-o-the-wisps
  27 moths of wrath
  3 shining eyes
  5 toenail golems (Volcano)
  7 meliai
  5 nameless horrors
  7 elephants
  6 black mambas
  5 eyes of devastation
  13 vault sentinels
  4 centaur skeletons (D:14)
  A smoke demon (Depths:2)
  3 torpor snails
  2 molten gargoyles (Lair:5)
  12 cane toads
  A torpor snail (shapeshifter) (Depths:2)
  3 gargoyles
  An ice statue (IceCv)
  9 komodo dragons
  42 yaktaurs
  4 unseen horrors
  2 efreet (D:11)
  A yellow draconian zombie (Crypt:1)
  2 tengu conjurers
  2 tormentors
  4 rime drakes
  A kobold demonologist (D:11)
  2 ice devils (Lair:4)
  A ghost moth simulacrum (Zot:3)
  A golden dragon simulacrum (Zot:3)
  3 freezing wraiths
  8 trolls
  3 guardian mummies (Crypt:1)
  8 tyrant leeches
  A merfolk (shapeshifter) (D:15)
  9 hornets
  3 glass eyes
  Grinder (D:3)
  A shadow dragon simulacrum (Zot:3)
  27 tarantellas
  Prince Ribbit (D:5)
  10 polar bears (IceCv)
  2 elf zombies
  2 fire giant simulacra
  15 blink frogs
  A stone giant simulacrum (Vaults:2)
  A frost giant simulacrum (Depths:1)
  A human simulacrum (Vaults:3)
  29 jumping spiders
  A snapping turtle (Zot:4)
  94 slime creatures
  3 wraiths
  2 shadows (D:11)
  A spectral black mamba (Lair:3)
  4 wyverns
  29 culicivoras
  5 spriggans
  9 water elementals
  101 yaks
  3 golden eyes
  5 humans (Volcano)
  3 air elementals
  A fire bat (shapeshifter) (Elf:1)
  4 hogs
  8 steam dragons
  11 basilisks
  A warg (Orc:1)
  58 redbacks
  7 vampire mosquitoes
  A yellow draconian simulacrum (Zot:3)
  The ghost of FinniousFinkelbottom the Magician, an amateur DjIE of Yredelemnul (D:4)
  14 swamp worms
  A glowing shapeshifter zombie (Vaults:3)
  19 water moccasins
  4 hell hounds (Lair:5)
  A moth of wrath simulacrum (Zot:3)
  A glowing shapeshifter skeleton (Vaults:2)
  A spectral torpor snail (Lair:3)
  22 orc warriors
  3 ice beasts
  8 black bears
  A sky beast (D:7)
  7 swamp drakes
  6 laughing skulls
  18 boggarts
  4 ogres
  26 centaurs
  25 wolves
  2 phantoms
  2 human zombies
  7 bullfrogs
  A glowing shapeshifter simulacrum (Depths:1)
  A gnoll sergeant (D:11)
  A scorpion (D:9)
  9 wights
  A hornet simulacrum (D:14)
  17 killer bees
  3 electric eels
  3 bombardier beetles
  4 howler monkeys
  A crimson imp (D:8)
  5 lava snakes (Lair:5)
  2 hounds (D:6)
  A quasit (D:7)
  4 jellies
  A gnoll bouda (D:6)
  2 human skeletons (Crypt:1)
  27 orc priests
  5 sleepcaps
  2 iguanas (D:5)
  20 orc wizards
  A killer bee zombie (Crypt:1)
  4 mummies (Crypt:1)
  16 gnolls
  3 adders
  2 shadow imps (D:7)
  2 white imps (D:7)
  3 ufetubi
  A dart slug (D:2)
  4 ribbon worms
  69 orcs
  4 bats
  7 endoplasms
  4 giant cockroaches
  12 goblins
  7 hobgoblins
  3 quokkas
  4 ball pythons
  6 frilled lizards
  2 kobolds
  6 rats
  An aspiring flesh (Zot:4)
2059 creatures vanquished.

Vanquished Creatures (collateral kills)
  A dread lich (Zot:5)
  An ancient lich (Zot:5)
  A pandemonium lord (Zot:4)
  Mennas (Vaults:3)
  the Lernaean hydra (Swamp:4)
  4 Killer Klowns (Zot:5)
  A golden dragon (Zot:5)
  2 electric golems
  9 Orb Guardians (Zot:5)
  An acid blob (Slime:5)
  A death cob (Zot:5)
  A fire giant (Depths:2)
  A ghost moth (Spider:3)
  A green draconian (Zot:5)
  2 bunyips
  2 yellow draconians
  2 purple draconians (Zot:5)
  A war gargoyle (Zot:3)
  2 great orbs of eyes (Zot:2)
  A hydra (Swamp:4)
  An ironbound frostheart (IceCv)
  2 dancing weapons (Elf:1)
  3 death yaks (IceCv)
  A demonic crawler (Spider:3)
  2 hell hogs (Zot:5)
  A sixfirhy (Zot:3)
  2 goliath frogs (Swamp:1)
  A pharaoh ant (Spider:4)
  A large abomination (Zot:4)
  A sun moth (Zot:4)
  2 swamp dragons
  A will-o-the-wisp (Swamp:1)
  An apocalypse crab (Depths:2)
  3 shining eyes
  An orange demon (Zot:4)
  A hellion (Zot:5)
  A rime drake (IceCv)
  A tarantella (Spider:3)
  A hornet (Swamp:1)
  3 slime creatures (Slime:5)
  A spriggan (Swamp:1)
  6 redbacks (Spider:4)
  A swamp worm (Swamp:1)
  A laughing skull (Crypt:1)
  A spectral weapon (Spider:4)
76 creatures vanquished.

Vanquished Creatures (others)
  A storm dragon (Zot:3)
  A draconian annihilator (Zot:3)
  A shock serpent (Zot:3)
  An orc sorcerer (Volcano)
  A manticore (D:11)
  An air elemental (Zot:3)
  A yak (D:10)
  An acid dragon (D:11)
  2 orc wizards
  10 foxfires
20 creatures vanquished.

Grand Total: 2155 creatures vanquished

Notes
Turn   | Place    | Note
-------+----------+-------------------------------------------
     0 | D:1      | ragingrage the Formicid Alchemist began the quest for the
                  | Orb.
     0 | D:1      | Reached XP level 1. HP: 13/13 MP: 3/3
    16 | D:1      | Reached skill level 1 in Conjurations
   141 | D:1      | Reached XP level 2. HP: 19/19 MP: 0/5
   424 | D:1      | Reached XP level 3. HP: 24/24 MP: 4/6
   587 | D:1      | Learned a level 2 spell: Mercury Vapours
   708 | D:2      | Reached skill level 5 in Alchemy
  1030 | D:2      | Reached skill level 1 in Air Magic
  1178 | D:2      | Reached XP level 4. HP: 30/30 MP: 5/7
  1435 | D:3      | Learned a level 3 spell: Mephitic Cloud
  1500 | D:3      | Found a sparkling altar of Nemelex Xobeh.
  1500 | D:3      | Found a broken altar of Ashenzari.
  2215 | D:3      | Reached XP level 5. HP: 36/36 MP: 6/8
  2232 | D:3      | Reached skill level 1 in Fighting
  2407 | D:3      | Found a glowing golden altar of the Shining One.
  2472 | D:3      | Noticed Grinder
  3057 | D:4      | Found a runed translucent door.
  3058 | D:4      | Noticed FinniousFinkelbottom's ghost (amateur DjIE)
  3073 | D:4      | Reached XP level 6. HP: 17/44 MP: 9/9
  3227 | D:4      | HP: 1/44 [gnoll/+1 flail of protection (6)]
  3232 | D:4      | HP: 2/44 [gnoll/+1 flail of protection (6)]
  3771 | D:5      | Entered Level 5 of the Dungeon
  3779 | D:5      | Noticed a black bear
  3871 | D:5      | Killed a black bear
  3872 | D:5      | Reached XP level 7. HP: 52/52 MP: 2/11
  4238 | D:5      | Found a transporter.
  4436 | D:5      | Found a one-way gate to the infinite horrors of the Abyss.
  4436 | D:5      | Noticed hikkokomori's ghost (novice MfGl)
  4475 | D:5      | Found a transporter.
  4552 | D:5      | Reached XP level 8. HP: 4/58 MP: 2/12
  4752 | D:5      | Noticed Prince Ribbit
  4773 | D:4      | Learned a level 4 spell: Sticky Flame
  4948 | D:5      | Killed Prince Ribbit
  4949 | D:5      | Reached skill level 3 in Fire Magic
  5334 | D:6      | Reached skill level 4 in Fire Magic
  5488 | D:6      | Reached skill level 5 in Fire Magic
  5488 | D:6      | Reached XP level 9. HP: 55/65 MP: 3/13
  5561 | D:6      | Reached skill level 6 in Fire Magic
  6038 | D:6      | Found a bloodstained altar of Trog.
  6168 | D:6      | Found an ornate altar of the Wu Jian Council.
  6222 | D:6      | Reached skill level 5 in Spellcasting
  6232 | D:6      | Learned a level 4 spell: Olgreb's Toxic Radiance
  6484 | D:6      | Found Ybruna's Distillery.
  6610 | D:6      | Found a snail-covered altar of Cheibriados.
  6648 | D:6      | Reached skill level 1 in Evocations
  6931 | D:7      | Found an iron altar of Okawaru.
  6953 | D:7      | Found a staircase to the Ecumenical Temple.
  6959 | Temple   | Entered the Ecumenical Temple
  7116 | D:3      | Became a worshipper of Nemelex Xobeh the Trickster
  7429 | D:7      | Identified the +4 war axe "Jellyslayer" {speed, *Slow
                  | +Blink Fly rElec}
  7658 | D:7      | Reached XP level 10. HP: 59/71 MP: 11/17
  7822 | D:7      | Found an opulent altar of Gozag.
  8201 | D:8      | Reached * piety under Nemelex Xobeh
  8217 | D:8      | Reached skill level 10 in Alchemy
  8253 | D:8      | Reached skill level 7 in Fire Magic
  8330 | D:8      | Found a burning altar of Makhleb.
  8466 | D:8      | Reached skill level 1 in Invocations
  8764 | D:8      | Received a gift from Nemelex Xobeh
  8960 | D:8      | Noticed a two-headed ogre
  8998 | D:8      | Killed a two-headed ogre
  9082 | D:8      | Found a sacrificial altar of Ru.
  9336 | D:8      | Reached skill level 5 in Invocations
  9660 | D:9      | Reached XP level 11. HP: 73/77 MP: 10/22
  9867 | D:9      | Reached ** piety under Nemelex Xobeh
  9966 | D:9      | Noticed a death yak
  9987 | D:9      | Killed a death yak
 10034 | D:9      | Found a staircase to the Lair.
 10035 | D:9      | Noticed a death yak
 10037 | D:9      | Noticed a death yak
 10039 | D:9      | Reached skill level 5 in Fighting
 10040 | D:9      | Reached skill level 5 in Conjurations
 10043 | D:9      | a death yak changed into a mana viper
 10043 | D:9      | Noticed a mana viper
 10045 | D:9      | Killed a death yak
 10046 | D:9      | Killed a mana viper
 10457 | D:9      | Found a hazy altar of Hepliaklqana.
 10557 | D:10     | Entered Level 10 of the Dungeon
 10572 | D:10     | Found a white marble altar of Elyvilon.
 10930 | D:10     | Reached *** piety under Nemelex Xobeh
 10944 | D:10     | Found a stormy altar of Qazlal.
 10951 | D:10     | Found a shadowy altar of Dithmenos.
 11046 | D:10     | Noticed a cyclops
 11061 | D:10     | Killed a cyclops
 11124 | D:10     | Noticed Nergalle
 11152 | D:10     | Killed Nergalle
 11195 | D:10     | Reached XP level 12. HP: 84/88 MP: 21/24
 11263 | D:10     | Found a radiant altar of Vehumet.
 11563 | Lair:1   | Entered Level 1 of the Lair of Beasts
 12309 | Lair:1   | Learned a level 5 spell: Fireball
 12526 | Lair:1   | Received a gift from Nemelex Xobeh
 12673 | Lair:1   | Noticed Urug
 13107 | Lair:1   | Urug changed into Urug the golden eye
 13107 | Lair:1   | Noticed Urug
 13109 | Lair:1   | Killed Urug the golden eye
 13375 | Lair:1   | Noticed a four-headed hydra
 13408 | Lair:1   | Killed a four-headed hydra
 13688 | Lair:2   | Reached skill level 8 in Fire Magic
 13862 | Lair:2   | Reached **** piety under Nemelex Xobeh
 13887 | Lair:2   | Reached skill level 10 in Conjurations
 13902 | Lair:2   | Reached XP level 13. HP: 7/93 MP: 1/26
 14355 | Lair:2   | Received a gift from Nemelex Xobeh
 14426 | Lair:2   | Found a hole to the Spider Nest.
 14492 | Lair:2   | Reached skill level 10 in Spellcasting
 14524 | Lair:2   | Reached skill level 9 in Fire Magic
 14994 | Lair:2   | Reached skill level 10 in Fire Magic
 15123 | Lair:2   | Received a gift from Nemelex Xobeh
 15916 | Lair:3   | Noticed a six-headed hydra
 15921 | Lair:3   | Killed a six-headed hydra
 16027 | Lair:3   | Reached skill level 5 in Dodging
 16351 | Lair:3   | Reached ***** piety under Nemelex Xobeh
 16351 | Lair:3   | Received a gift from Nemelex Xobeh
 16642 | Lair:3   | Noticed a five-headed hydra
 16672 | Lair:3   | Killed a five-headed hydra
 16772 | Lair:3   | Noticed a ghost crab
 16777 | Lair:3   | Killed a ghost crab
 16850 | Lair:3   | Found a staircase to the Swamp.
 17238 | Lair:4   | Noticed Rupert
 17247 | Lair:4   | Killed Rupert
 17248 | Lair:4   | Reached skill level 1 in Armour
 17248 | Lair:4   | Reached XP level 14. HP: 103/103 MP: 5/28
 17363 | Lair:4   | Received a gift from Nemelex Xobeh
 17538 | Lair:4   | Found a frozen archway.
 17559 | IceCv    | Entered an ice cave
 18976 | Lair:4   | Reached skill level 11 in Fire Magic
 19242 | Lair:4   | Found a staircase to the Slime Pits.
 19606 | Lair:4   | Received a gift from Nemelex Xobeh
 19819 | Lair:5   | Entered Level 5 of the Lair of Beasts
 20148 | Lair:5   | Reached XP level 15. HP: 112/112 MP: 24/30
 20213 | Lair:5   | Reached skill level 10 in Invocations
 20370 | Lair:5   | Reached skill level 5 in Armour
 20672 | Lair:5   | Learned a level 5 spell: Yara's Violent Unravelling
 20678 | Lair:5   | Learned a level 5 spell: Freezing Cloud
 21257 | Lair:5   | Found a large runed translucent door.
 21258 | Lair:5   | Found a large runed translucent door.
 22621 | D:11     | Reached skill level 1 in Hexes
 22656 | D:11     | Found a staircase to the Orcish Mines.
 22663 | D:11     | Received a gift from Nemelex Xobeh
 23087 | D:11     | Identified the +3 morningstar of Gepset {flame, Str+5}
 23096 | D:11     | Identified the +4 flail of Saebbul {freeze, ^Drain rElec
                  | Int+5 Dex+3}
 23313 | D:11     | Reached skill level 1 in Ice Magic
 23391 | D:11     | Received a gift from Nemelex Xobeh
 23540 | D:11     | Reached skill level 1 in Shields
 23707 | D:11     | Got the Anthology of Burnt Stones
 24300 | D:12     | Received a gift from Nemelex Xobeh
 24480 | D:12     | Noticed Erolcha
 24526 | D:12     | Killed Erolcha
 24876 | D:12     | Found a shimmering blue altar of Sif Muna.
 24989 | Orc:1    | Entered Level 1 of the Orcish Mines
 24995 | Orc:1    | Reached XP level 16. HP: 113/120 MP: 17/32
 25187 | Orc:1    | Found Nirhu's Jewellery Shoppe.
 25240 | Orc:1    | Received a gift from Nemelex Xobeh
 25545 | Orc:2    | Entered Level 2 of the Orcish Mines
 25553 | Orc:2    | Reached ****** piety under Nemelex Xobeh
 25667 | Orc:2    | Found a staircase to the Elven Halls.
 25694 | Orc:2    | Received a gift from Nemelex Xobeh
 25895 | Orc:2    | Reached skill level 5 in Evocations
 26073 | Orc:2    | Received a gift from Nemelex Xobeh
 26130 | Orc:2    | Found a dark tunnel.
 26141 | Volcano  | Entered a volcano
 26930 | Orc:2    | Reached skill level 5 in Shields
 26955 | Orc:2    | Reached skill level 5 in Ice Magic
 27203 | Orc:2    | Found Bovu's Jewellery Emporium.
 27206 | Orc:2    | Found Timmag's Jewellery Emporium.
 27207 | Orc:2    | Found Rukyum Gusa's Antique Weapon Emporium.
 27208 | Orc:2    | Found Yquiseno's Antique Armour Shoppe.
 27215 | Orc:2    | Bought the amulet "Zausoff" {RegenMP Fly rF+ Will+ rCorr}
                  | for 916 gold pieces
 27706 | D:13     | Received a gift from Nemelex Xobeh
 28056 | D:13     | Received a gift from Nemelex Xobeh
 28061 | D:13     | Noticed Kirke
 28819 | D:12     | Killed Kirke
 30362 | D:14     | Received a gift from Nemelex Xobeh
 30968 | D:15     | Entered Level 15 of the Dungeon
 30980 | D:15     | Noticed Agnes
 31382 | D:15     | Reached skill level 12 in Fire Magic
 31396 | D:15     | Killed Agnes
 31397 | D:15     | Reached XP level 17. HP: 97/126 MP: 16/33
 31602 | D:15     | Received a gift from Nemelex Xobeh
 31749 | D:15     | Noticed Nessos
 31755 | D:15     | Killed Nessos
 31784 | D:15     | Reached skill level 10 in Fighting
 32792 | D:15     | Found a staircase to the Depths.
 33246 | Swamp:1  | Entered Level 1 of the Swamp
 33694 | Swamp:1  | Received a gift from Nemelex Xobeh
 34212 | Swamp:1  | Noticed a thorn hunter
 34215 | Swamp:1  | Killed a thorn hunter
 34702 | Swamp:2  | Received a gift from Nemelex Xobeh
 34717 | Swamp:2  | Noticed Jorgrun
 34857 | Swamp:2  | Killed Jorgrun
 36012 | Swamp:3  | Received a gift from Nemelex Xobeh
 36258 | Swamp:4  | Entered Level 4 of the Swamp
 37074 | Swamp:4  | Reached XP level 18. HP: 140/140 MP: 20/34
 37119 | Swamp:3  | Reached skill level 13 in Fire Magic
 37755 | Swamp:4  | Noticed the 27-headed Lernaean hydra
 37759 | Swamp:4  | Killed the 27-headed Lernaean hydra
 37986 | Swamp:4  | Received a gift from Nemelex Xobeh
 38280 | Swamp:4  | Got a decaying rune of Zot
 38451 | Spider:1 | Entered Level 1 of the Spider Nest
 38625 | Lair:2   | Reached skill level 1 in Staves
 39162 | Spider:1 | Received a gift from Nemelex Xobeh
 40016 | Spider:1 | Received a gift from Nemelex Xobeh
 41152 | Spider:2 | Reached skill level 5 in Air Magic
 41503 | Spider:2 | Received a gift from Nemelex Xobeh
 42490 | Spider:3 | Reached skill level 10 in Evocations
 42551 | Spider:3 | Reached skill level 10 in Armour
 42613 | Spider:3 | Received a gift from Nemelex Xobeh
 42629 | Spider:3 | Reached XP level 19. HP: 139/146 MP: 2/36
 42802 | Spider:3 | Reached skill level 5 in Hexes
 43104 | Spider:3 | Identified the +10 arbalest "Qeplat" {heavy, rElec Will+}
 43508 | Spider:3 | Received a gift from Nemelex Xobeh
 43624 | Spider:4 | Entered Level 4 of the Spider Nest
 44141 | Spider:4 | Reached skill level 5 in Staves
 45325 | Spider:4 | Learned a level 4 spell: Ignite Poison
 45504 | Spider:4 | Identified the +0 hand axe of the Lusting Seeker {heavy,
                  | Int+5}
 45857 | Spider:4 | Noticed Arachne
 45868 | Spider:4 | Killed Arachne
 46093 | Spider:4 | Received a gift from Nemelex Xobeh
 46214 | Spider:4 | Noticed Bai Suzhen
 46239 | Spider:4 | Killed Bai Suzhen
 46240 | Spider:4 | Reached skill level 14 in Fire Magic
 46889 | Spider:4 | Got a gossamer rune of Zot
 46892 | Spider:4 | Identified the +3 hat of Resonant Liberty {rElec rC+ Will-}
 47802 | D:3      | Killed Grinder
 47877 | D:4      | Killed FinniousFinkelbottom's ghost
 48358 | D:14     | Reached XP level 20. HP: 134/156 MP: 17/37
 48421 | D:14     | Reached skill level 5 in Stealth
 48771 | D:14     | Found a gate to the Vaults.
 49071 | Elf:1    | Entered Level 1 of the Elven Halls
 49071 | Elf:1    | Received a gift from Nemelex Xobeh
 49105 | Elf:1    | Reached skill level 15 in Fire Magic
 49469 | Elf:1    | Found Myeh's Distillery.
 49775 | Elf:1    | Learned a level 7 spell: Orb of Destruction
 50373 | Elf:1    | Received a gift from Nemelex Xobeh
 51060 | Vaults:1 | Entered Level 1 of the Vaults
 51609 | Vaults:1 | Learned a level 6 spell: Bombard
 51678 | Vaults:1 | Reached skill level 1 in Earth Magic
 51746 | Vaults:1 | Received a gift from Nemelex Xobeh
 52172 | Vaults:1 | Reached skill level 5 in Earth Magic
 52618 | Vaults:1 | Reached XP level 21. HP: 158/162 MP: 15/38
 53352 | Vaults:1 | Reached skill level 10 in Earth Magic
 55140 | Vaults:2 | Received a gift from Nemelex Xobeh
 55975 | Vaults:3 | Identified the +7 tower shield of Unatiska {Rampage rPois}
 55975 | Vaults:3 | Noticed Mennas
 56007 | Vaults:3 | Killed Mennas
 56008 | Vaults:3 | Reached XP level 22. HP: 172/172 MP: 39/39
 56848 | Vaults:3 | Found Ovybump's Antique Weapon Shop.
 56848 | Vaults:3 | Received a gift from Nemelex Xobeh
 57022 | Vaults:3 | Found a staircase to the Crypt.
 57619 | Vaults:3 | Identified the staff of the Warrior-Mage {rPois rC+ Will-
                  | Air Alchemy}
 58244 | Vaults:4 | Received a gift from Nemelex Xobeh
 58913 | Vaults:4 | Received a gift from Nemelex Xobeh
 59060 | Vaults:4 | Reached skill level 15 in Fighting
 59633 | Vaults:4 | Received a gift from Nemelex Xobeh
 59773 | Vaults:4 | Found a gateway to a bazaar.
 60292 | Vaults:4 | Received a gift from Nemelex Xobeh
 60462 | Bazaar   | Entered a bazaar
 60462 | Bazaar   | Found Qopu Cuf's Assorted Antiques.
 60462 | Bazaar   | Found Feineriyr's Assorted Antiques.
 60464 | Bazaar   | Found Afeblo's Book Shoppe.
 60470 | Bazaar   | Bought a brightly glowing ring mail for 180 gold pieces
 60470 | Bazaar   | Identified the +9 ring mail of the Four of Wands {Rampage
                  | rC- Dex+4 Stlth+} (You bought it in a shop in a bazaar)
 60474 | Bazaar   | Bought a book of Transmutation for 448 gold pieces
 60480 | Bazaar   | Found Cusuruaz's Armour Emporium.
 60484 | Bazaar   | Bought a scroll of amnesia for 144 gold pieces
 60488 | Bazaar   | Bought a +1 pair of gloves of strength for 148 gold pieces
 60503 | Bazaar   | Bought a potion of heal wounds for 180 gold pieces
 60513 | Bazaar   | Bought a book of Fire for 512 gold pieces
 60970 | Elf:2    | Found a runed translucent gate.
 60973 | Elf:2    | Found a runed translucent gate.
 60974 | Elf:2    | Found a runed translucent gate.
 61577 | Vaults:4 | Learned a level 5 spell: Irradiate
 62261 | Elf:3    | Entered Level 3 of the Elven Halls
 62335 | Elf:3    | Found a gateway to a bazaar.
 62374 | Elf:3    | Reached XP level 23. HP: 181/181 MP: 26/40
 63281 | Elf:3    | Identified the +5 short sword of Mihu {distort, rN+ Will+
                  | Stlth+}
 63357 | Elf:3    | Reached skill level 10 in Shields
 63617 | Elf:3    | Identified the +5 halberd of Jumoolou {protect, Str+3
                  | Int+3}
 63919 | Elf:3    | Received a gift from Nemelex Xobeh
 64621 | Elf:3    | Identified the +0 plate armour of the Slightly Bent
                  | {Slay+2}
 65440 | Elf:3    | Identified the ring "Henourch" {Ice Will+ rCorr Str-4
                  | Dex+8} (You took it off a deep elf sorcerer on level 3 of
                  | the Elven Halls)
 65797 | Elf:3    | Got the Tractate on the Prime Atmosphere
 65804 | Elf:3    | Got the Spellbook of Massed Causimancy
 65810 | Elf:3    | Identified the staff "Cuxued" {Fly Int+5 Dex-5 Conj}
 65822 | Elf:3    | Got the Atlas of the Arsenical Mob
 65847 | Elf:3    | Identified the staff "Fixuoleo" {Int+2 Dex+2 Air Earth}
 65862 | Elf:3    | Got the Almanac of Overhead Topography
 65960 | Bazaar   | Entered a bazaar
 65960 | Bazaar   | Found Oxin's Magic Scroll Shoppe.
 65960 | Bazaar   | Found Fat Axom's Weapon Boutique.
 65960 | Bazaar   | Found Qefeh's Antique Armour Shoppe.
 65960 | Bazaar   | Found Orelied's Assorted Antiques.
 65962 | Bazaar   | Found Ruphy's Distillery.
 65964 | Bazaar   | Bought a scroll of fog for 44 gold pieces
 65964 | Bazaar   | Bought a scroll of fog for 44 gold pieces
 65967 | Bazaar   | Bought a glowing cloak for 195 gold pieces
 65991 | Bazaar   | Bought a potion of heal wounds for 65 gold pieces
 65991 | Bazaar   | Bought a potion of magic for 104 gold pieces
 65994 | Bazaar   | Bought a wand of light (3) for 226 gold pieces
 65994 | Bazaar   | Bought a wand of light (4) for 302 gold pieces
 66372 | Crypt:1  | Entered Level 1 of the Crypt
 66387 | Crypt:1  | Received a gift from Nemelex Xobeh
 67030 | Depths:1 | Entered Level 1 of the Depths
 68146 | Depths:1 | Reached skill level 16 in Fire Magic
 68382 | Depths:1 | Found Ymin's Jewellery Emporium.
 68386 | Depths:1 | Found Geitofe's Antique Weapon Shoppe.
 68387 | Depths:1 | Found Ywnat's Antique Weapon Emporium.
 68390 | Depths:1 | Bought the ring of Miwicw {rF+ rCorr EV+5 Str+5 Dex-5} for
                  | 889 gold pieces
 68497 | Depths:1 | Found a one-way gate leading to the halls of Pandemonium.
 68543 | Depths:1 | Found an ornate altar of the Wu Jian Council.
 68756 | Depths:1 | Found a gateway to Hell.
 68789 | Depths:1 | Found Guconuib's Book Shoppe.
 68964 | Depths:2 | Received a gift from Nemelex Xobeh
 68968 | Depths:2 | Found Muemeos's Antique Armour Boutique.
 69328 | Depths:2 | Found a one-way gateway to a ziggurat.
 69328 | Depths:2 | Noticed a dread lich
 70046 | Depths:2 | Reached XP level 24. HP: 188/188 MP: 21/40
 70373 | Depths:2 | Received a gift from Nemelex Xobeh
 70445 | Depths:2 | Noticed a juggernaut
 70499 | Depths:2 | Killed a juggernaut
 70544 | Depths:2 | Noticed a golden dragon
 70554 | Depths:2 | Killed a golden dragon
 70784 | Depths:2 | Found an ornate altar of the Wu Jian Council.
 71864 | Depths:3 | Received a gift from Nemelex Xobeh
 71941 | Depths:3 | Reached skill level 17 in Fire Magic
 72204 | Depths:3 | Found a corrupted altar of Lugonu.
 72474 | Depths:3 | Received a gift from Nemelex Xobeh
 72576 | Depths:4 | Entered Level 4 of the Depths
 74056 | Depths:4 | Reached skill level 15 in Shields
 74296 | Depths:4 | Noticed a golden dragon
 74301 | Depths:4 | Killed a golden dragon
 74503 | Depths:4 | Found a gate to the Realm of Zot.
 74873 | Depths:4 | Found Pitiytz's Weapon Emporium.
 74873 | Depths:4 | Found Faomner's Assorted Antiques.
 74874 | Depths:4 | Found Veevaseizo's Jewellery Emporium.
 74878 | Depths:4 | Found Ymosm's General Store.
 74890 | Depths:4 | Bought the ring "Cemu" {rF+ rC++ Dex-2} for 770 gold pieces
 75226 | Depths:4 | Found a broken altar of Ashenzari.
 75302 | Depths:4 | Received a gift from Nemelex Xobeh
 75773 | Slime:1  | Entered Level 1 of the Pits of Slime
 75790 | Lair:4   | Reached skill level 18 in Fire Magic
 75938 | Lair:4   | Learned a level 8 spell: Ignition
 76365 | Slime:2  | Received a gift from Nemelex Xobeh
 76713 | Slime:3  | Gained mutation: You are clumsy. (Dex -2) [a shining eye]
 76714 | Slime:3  | Gained mutation: You have hidden genetic defects. [a
                  | shining eye]
 76717 | Slime:2  | Gained mutation: You are dopey. (Int -2) [a shining eye]
 76729 | Slime:2  | Reached XP level 25. HP: 186/194 MP: 12/41
 76729 | Slime:2  | Lost mutation: You are dopey. (Int -2) [potion of mutation]
 76729 | Slime:2  | Lost mutation: You are clumsy. (Dex -2) [potion of
                  | mutation]
 76729 | Slime:2  | Gained mutation: Your spells are a little easier to cast,
                  | but a little less powerful. [potion of mutation]
 76729 | Slime:2  | Gained mutation: Your magical capacity is low. (-10% MP)
                  | [potion of mutation]
 76729 | Slime:2  | Gained mutation: You have sharp toenails. [potion of
                  | mutation]
 76730 | Slime:2  | Lost mutation: Your spells are a little easier to cast, but
                  | a little less powerful. [potion of mutation]
 76730 | Slime:2  | Lost mutation: Your magical capacity is low. (-10% MP)
                  | [potion of mutation]
 76730 | Slime:2  | Lost mutation: You have hidden genetic defects. [potion of
                  | mutation]
 76730 | Slime:2  | Gained mutation: You passively dampen the noise of your
                  | surroundings. [potion of mutation]
 77780 | Slime:4  | Reached skill level 19 in Fire Magic
 78222 | Slime:4  | Received a gift from Nemelex Xobeh
 78597 | Slime:5  | Entered Level 5 of the Pits of Slime
 80176 | Slime:5  | Gained mutation: You are frail. (-10% HP) [a shining eye]
 80229 | Slime:5  | Noticed the Royal Jelly
 80233 | Slime:5  | Identified the +0 long sword of Fedhas, Jumping {freeze,
                  | rPois Stlth+}
 80241 | Slime:5  | Killed the Royal Jelly
 80793 | Slime:5  | Reached skill level 20 in Fire Magic
 80926 | Slime:5  | Found the +9 sword of Zonguldrok {reap}
 80944 | Slime:5  | Identified the +2 halberd of the Tiger {elec, +Blink Will+
                  | Dex+3}
 81038 | Slime:5  | Identified the +3 dagger of Damp Honour {elec, rF+ Will+}
 81050 | Slime:5  | Identified the ring of Quem Jorr {rC+ Will+ MP+9 Str+6
                  | Dex-2}
 81056 | Slime:5  | Identified the +6 mace of Blood {heavy, Dex+2}
 81064 | Slime:5  | Got a slimy rune of Zot
 81512 | Zot:1    | Entered Level 1 of the Realm of Zot
 81918 | Zot:1    | Received a gift from Nemelex Xobeh
 82548 | Zot:1    | Received a gift from Nemelex Xobeh
 83063 | Zot:2    | Identified a scroll of acquirement
 83122 | Zot:2    | Received a gift from Nemelex Xobeh
 83157 | Zot:2    | Found a transporter.
 83160 | Zot:2    | Noticed an orb of fire
 83185 | Zot:2    | Found a transporter.
 83604 | Zot:2    | Received a gift from Nemelex Xobeh
 83622 | Zot:2    | Noticed a dread lich
 83629 | Zot:2    | Reached skill level 15 in Earth Magic
 83861 | Zot:2    | Noticed an orb of fire
 83864 | Zot:2    | Lost mutation: You are frail. (-10% HP) [an orb of fire]
 83869 | Zot:2    | Killed an orb of fire
 84005 | Zot:2    | Identified the +9 great sword "Lewk" {spect, rPois rC-
                  | Str+3}
 84301 | Zot:2    | Reached XP level 26. HP: 128/201 MP: 19/41
 84562 | Zot:3    | Received a gift from Nemelex Xobeh
 85022 | Zot:3    | Identified the ring "Upnae" {Ice *Slow rN+ Will+ SInv
                  | Stlth+}
 85022 | Zot:3    | Noticed Josephina
 85024 | Zot:3    | Killed Josephina
 85305 | Zot:3    | Reached skill level 15 in Conjurations
 85695 | Zot:3    | Noticed a Killer Klown
 86462 | Zot:3    | Found an ancient bone altar of Kikubaaqudgha.
 86522 | Zot:3    | Received a gift from Nemelex Xobeh
 87046 | Zot:3    | Killed a Killer Klown
 87765 | Zot:3    | Learned a level 7 spell: Spellforged Servitor
 87887 | Zot:3    | Reached skill level 1 in Summonings
 89512 | Zot:4    | Reached skill level 5 in Summonings
 90391 | Zot:4    | Reached XP level 27. HP: 207/210 MP: 15/41
 90648 | Zot:5    | Entered Level 5 of the Realm of Zot
 91621 | Zot:4    | Received a gift from Nemelex Xobeh
 92854 | Zot:4    | Received a gift from Nemelex Xobeh
 92890 | Zot:4    | Reached skill level 10 in Summonings
 95300 | Zot:5    | Noticed an ancient lich
 95306 | Zot:5    | Killed an ancient lich
 95311 | Zot:5    | Noticed an ancient lich
 95314 | Zot:5    | Noticed an orb of fire
 95314 | Zot:5    | Noticed a dread lich
 95315 | Zot:5    | Noticed a Killer Klown
 95331 | Zot:5    | Gained mutation: You occasionally lose the ability to read
                  | scrolls when taking damage. [an orb of fire]
 96054 | Zot:5    | Gained mutation: You are frail. (-10% HP) [an orb of fire]
 96057 | Zot:5    | Gained mutation: You have very sharp teeth. [an orb of
                  | fire]
 96058 | Zot:5    | Killed an orb of fire
 96540 | Zot:5    | Noticed a dread lich
 96547 | Zot:5    | Killed a dread lich
 97278 | Zot:5    | Noticed a Killer Klown
 97285 | Zot:5    | Killed a Killer Klown
 97831 | Zot:5    | Noticed a Killer Klown
 97841 | Zot:5    | Killed a Killer Klown
 98017 | Zot:5    | Killed a Killer Klown
 98179 | Zot:5    | Noticed an ancient lich
 98189 | Zot:5    | Killed an ancient lich
 98199 | Zot:5    | Noticed a Killer Klown
 98208 | Zot:5    | Killed a Killer Klown
 98663 | Zot:5    | Received a gift from Nemelex Xobeh
 98842 | Zot:5    | Killed a dread lich
 99052 | Zot:5    | Reached skill level 15 in Summonings
 99540 | Zot:5    | Got the Orb of Zot
 99583 | Zot:5    | Noticed Ywext the pandemonium lord
 99617 | Zot:4    | Noticed Hiutsezus the pandemonium lord
 99628 | Zot:4    | Killed Hiutsezus the pandemonium lord
 99756 | Zot:2    | Noticed Tish the pandemonium lord
100161 | D:2      | Gained mutation: Your body sometimes deteriorates upon
                  | taking damage. [a cacodemon]
100186 | D:$      | Escaped with the Orb!

Illustrated notes

Levels and vault maps discovered:
D:1:      dpeg_arrival_tiny_b, layout_rooms, chequers_arboretum
D:2:      layout_basic
D:3:      layout_rooms, marbit_many_paths, gammafunk_temple_overflow_pools,
          minmay_misc_feat_secret_circle, st_stairs_4, nrook_uturn,
          serial_bayou_pond_a, uniq_grinder
D:4:      layout_loops_ring, ebering_ghost_reflecting_pool,
          chequers_serial_rivers_large_b
D:5:      layout_rooms, gammafunk_ghost_abyssal_escape, uniq_prince_ribbit1
D:6:      layout_basic, mainiacjoe_overflow_paths, mainiacjoe_overflow_swirl,
          serial_shops, nicolae_lakefront_shop, minmay_quadrilaterals
D:7:      layout_cave_pods, kennysheep_little_box, kennysheep_okawaru_gauntlet,
          minmay_temple_entry_steel_oval, serial_demonic, serial_demonic_f,
          serial_demonic_d, serial_demonic_a, serial_demonic_g,
          minmay_fountain_box, small_statue_intersection, grunt_ministairs_6
D:8:      layout_rooms, nicolae_ru_sacrificial_ziggurat, makhleb_grotto_becter,
          serial_co_window_serial, co_window_paths_a,
          co_window_of_opportunity_a, co_window_of_opportunity_a,
          co_window_corner_a, co_window_cross_1, co_window_cross_1,
          co_window_broadway_a, co_window_cross_4, co_window_2corner,
          co_window_broadway_a, co_window_of_opportunity_c, glass_columns_c,
          glass_columns_a, glass_columns_a, glass_columns_b
D:9:      layout_loops_cross, mainiacjoe_overflow_alcove_1, dpeg_lair_monsters
D:10:     layout_basic, amethyst_overflow_temple_binary, old_standard_altar,
          fiery_altar_vehumet, serial_curves, eino_curves_01, eino_curves_03,
          eino_curves_01, uniq_nergalle
D:11:     minmay_the_grid_triangle_9x9_rhombus_thin
          [minmay_the_grid_triangle_9x9_cache,
          minmay_the_grid_triangle_9x9_prize_schism,
          minmay_the_grid_triangle_9x9_sparse_checkered,
          minmay_the_grid_triangle_9x9_stretched_checkered], layout_long_grid,
          gauntlet_entry_generic, minmay_statue_bubble
D:12:     layout_irregular_city, serial_glass, glass_columns_b, glass_columns_a,
          tgw_sif, uniq_erolcha
D:13:     layout_cave_pools, uniq_kirke
D:14:     layout_grid_maze, hangedman_vaults_entry_quadrant_bands, hex_tiny
D:15:     gammafunk_enter_depths_forms, layout_cave_pools, nrook_campfire,
          uniq_nessos, uniq_agnes
Temple:   hellmonk_temple_of_storms
Lair:1:   layout_cave_pods, uniq_urug
Lair:2:   cheibrodos_lair_overgrown_chateau, layout_loops_ring,
          dummy_spider_entry, beast_lair_carwin_9
Lair:3:   nzn_winding_woodlands_small [nzn_winding_woodlands_5x15_garden,
          nzn_winding_woodlands_center_garden, nzn_winding_woodlands_5x15_eye],
          layout_regular_city, nicolae_swamp_entry_spooky, serial_forest,
          infiniplex_forest_corner_1, infiniplex_forest_clump_diagonal,
          infiniplex_forest_straight_3, infiniplex_forest_lined_2,
          infiniplex_forest_lined_room_3, infiniplex_forest_lined_room_2,
          infiniplex_forest_lined_4_way, infiniplex_forest_corner_2,
          infiniplex_forest_straight_3, infiniplex_forest_straight_5,
          lemuel_fruit_tree
Lair:4:   layout_layer_cave, minmay_slime_entry_pillars,
          portal_ice_cave_demonic_guard, uniq_rupert
Lair:5:   cheibrodos_lair_end_hotspot, layout_cave_pods, serial_bayou_lagoon_b
Swamp:1:  layout_falls_marsh, nicolae_swamp_long_stream, swamp_pool_1_2,
          nicolae_swamp_little_tower
Swamp:2:  layout_falls_marsh, evilmike_swamp_ruin_house_3, uniq_jorgrun
Swamp:3:  layout_falls_marsh, nicolae_swamp_bean_lake, infiniplex_staircase_pool
Swamp:4:  swamp_old_school, layout_basic_swamp
Spider:1: layout_cave_pods, nicolae_spider_nook
Spider:2: layout_spider_delve
Spider:3: layout_spider_delve, hangedman_spider_tarantella_strand
Spider:4: grunt_spider_rune_island, uniq_arachne, uniq_bai_suzhen
Slime:1:  layout_caves
Slime:2:  layout_caves
Slime:3:  layout_caves
Slime:4:  layout_caves
Slime:5:  slime_pit_nicolae_block_by_block, uniq_dissolution
Orc:1:    layout_caves, serial_shops, shop
Orc:2:    st_orc_pillars, layout_caves, nicolae_volcano_entry_hallway
Elf:1:    minmay_elf_arrival_summoners, layout_geoelf_octagon, serial_shops,
          nicolae_shop_tiny_statue_garden, minmay_elf_annihilation
Elf:2:    elven_hall_of_blades_hangedman_original
          [nicolae_blade_entry_antechamber], layout_rooms,
          nicolae_zig_zag_zippers
Elf:3:    minmay_elf_hall_quartered_circle, layout_geoelf_diagonals,
          serial_shops, statue_bzr, minivault_16, small_statue_intersection
Vaults:1: nicolae_vaults_closet_pinwheel_1, v_pattern_5, vaults_room_boxed,
          nicolae_vaults_apartment_2, nicolae_vaults_closet_pinwheel_1,
          hangedman_vaults_stretched_pinwheel, grunt_vaults_trifunnel,
          v_alt_pattern_4, v_misc_28, nicolae_vaults_specimen_jars, st_squares,
          nicolae_vaults_trapezoid_4, v_misc_15, layout_vaults_maze_bifur
Vaults:2: ontoclasm_vaults_spin, vaults_room_door_hall,
          nicolae_vaults_sealed_display, nicolae_vaults_asterisk,
          ontoclasm_vaults_shuriken, hangedman_vaults_capsules,
          nicolae_vaults_circle_grid_a, v_misc_16, v_misc_26, vaults_dpeg_ring,
          nicolae_vaults_two_Ls, nicolae_vaults_mini_display_case, v_misc_15,
          nicolae_vaults_tetromino_L_1, layout_vaults_ring
Vaults:3: minmay_crypt_entry_simple_box, v_pattern_3,
          nicolae_vaults_security_offices_2, vaults_room_semicircle,
          ontoclasm_vaults_chip, hangedman_vaults_hat,
          nicolae_vaults_frosty_reception, nicolae_vaults_mitosis,
          nicolae_vaults_yaktaur_gun_rack, nicolae_vaults_little_ls,
          layout_vaults_omnibox, serial_shops, shop, uniq_mennas
Vaults:4: v_misc_16, hangedman_vaults_restitches, hangedman_vaults_nails,
          nicolae_vaults_what_the_h, nicolae_vaults_diagonal_hallway_9,
          nicolae_vaults_little_squares_4, nicolae_vaults_angled_halls,
          layout_vaults_omnigrid, serial_shops, bzr_entry_gold
Crypt:1:  layout_chaotic_city, basic_altar, lemuel_hellish_altar,
          grunt_crypt_arrival_guarded_gate, grunt_megastairs_4
Depths:1: layout_cave_shapes, rand_demon_pan_entry_1, serial_shops,
          nicolae_shop_just_a_little_nook, nicolae_wu_jian_immortal_techniques,
          pf_vacation_house_of_asmodeus, nicolae_twisting_strands,
          hangedman_corner_corridor, minmay_shop_star
Depths:2: minmay_stepped, layout_cave_shapes, enter_ziggurat_d, serial_shops,
          shop_statue, hell_entry, rand_demon_pan_entry_8, abyss_entry,
          lemuel_coloured_pillars_altar
Depths:3: grunt_twist_and_shout, layout_cave_pools, abyss_entry_flame_altar,
          grunt_mini_vestibule, hangedman_decor_opposing
Depths:4: evilmike_zot_entry_diamond, layout_honeycomb, hell_entry,
          evilmike_ruin_ashenzari, minivault_14, minmay_shoptagon,
          serial_bayou_shore_b
Zot:1:    layout_misc_corridors, regret_index_zotdec_fiery_em,
          grunt_ministairs_7
Zot:2:    gammafunk_the_bubble [the_bubble_gammafunk_grid],
          layout_concentric_octagons, regret_index_zotdec_stipple_waver,
          nicolae_tricolors
Zot:3:    infiniplex_zot_generator, layout_basic, regret_index_zotdec_dark_gr,
          uniq_josephina
Zot:4:    layout_cellular_growth, hangedman_zot_decor_slant
Zot:5:    layout_twisted_circle

Skill      XL: |  1  2  3  4  5  6  7  8  9 10 11 12 13 14 15 16 17 18 19 20 21 22 23 24 25 26 27 |
---------------+----------------------------------------------------------------------------------+-----
Conjurations   | 1 2 3 4 8 10 12 13 14 16 | 16.5
Alchemy        | 5 6 9 10 | 10.0
Air Magic      | 1 2 3 4 5 |  5.0
Fighting       | 2 3 4 6 7 8 9 12 13 14 15 16 | 16.7
Spellcasting   | 3 5 7 8 9 10 11 12 13 14 | 14.0
Fire Magic     | 5 6 7 8 10 11 12 13 14 15 16 18 20 | 20.3
Dodging        | 3 4 5 6 7 9 |  9.4
Evocations     | 2 3 4 7 10 | 10.0
Invocations    | 6 7 8 9 13 14 | 14.0
Armour         | 1 4 5 7 10 11 | 11.0
Hexes          | 4 8 |  8.0
Ice Magic      | 2 8 |  8.0
Shields        | 2 5 9 12 15 17 18 | 18.0
Staves         | 4 6 8 |  8.0
Stealth        | 4 5 8 9 |  9.0
Earth Magic    | 7 13 14 15 | 15.0
Summonings     | 7 15 | 15.0

Action                     |  1- 3 |  4- 6 |  7- 9 | 10-12 | 13-15 | 16-18 | 19-21 | 22-24 | 25-27 || total
---------------------------+-------+-------+-------+-------+-------+-------+-------+-------+-------++-------
  Melee: Mace              |    11 |       |       |       |       |       |       |       |       ||    11
         Unarmed           |     4 |       |       |       |       |       |       |       |       ||     4
         Spear             |    13 |    17 |    39 |    41 |       |       |       |       |       ||   110
         Punch             |       |     1 |       |     1 |     3 |       |       |       |       ||     5
         Demon trident     |       |       |       |    19 |   106 |    38 |    21 |       |       ||   184
         Staff             |       |       |       |       |    20 |    80 |   158 |   155 |   158 ||   571
         Bite              |       |       |       |       |       |       |       |       |     3 ||     3
   Cast: Sting             |    58 |   108 |   217 |   149 |     3 |       |       |       |       ||   535
         Mephitic Cloud    |       |     3 |    14 |    17 |     2 |     2 |       |       |       ||    38
         Mercury Vapours   |       |     3 |     5 |     3 |    11 |     4 |     8 |       |       ||    34
         Sticky Flame      |       |       |    14 |    64 |    90 |    81 |    66 |    53 |    20 ||   388
         Olgreb's Toxic Ra |       |       |     3 |    46 |    92 |   118 |   234 |    69 |       ||   562
         Fireball          |       |       |       |     6 |   251 |   437 |   350 |   566 |   193 ||  1803
         Freezing Cloud    |       |       |       |       |     4 |    11 |    21 |     1 |     2 ||    39
         Yara's Violent Un |       |       |       |       |       |     1 |       |       |     2 ||     3
         Ignite Poison     |       |       |       |       |       |       |    91 |    35 |       ||   126
         Bombard           |       |       |       |       |       |       |     2 |   164 |   318 ||   484
         Orb of Destructio |       |       |       |       |       |       |       |     5 |    45 ||    50
         Irradiate         |       |       |       |       |       |       |       |     2 |     5 ||     7
         Ignition          |       |       |       |       |       |       |       |     4 |    92 ||    96
         Spellforged Servi |       |       |       |       |       |       |       |       |    40 ||    40
 Invoke: Draw Destruction  |       |       |       |     8 |     8 |    11 |    21 |    21 |    26 ||    95
         Draw Summoning    |       |       |       |       |     1 |     2 |    11 |     4 |    10 ||    28
         Stack Five        |       |       |       |       |     1 |       |       |     1 |     1 ||     3
         Draw Escape       |       |       |       |       |       |     2 |     2 |     2 |     2 ||     8
         Draw Stack        |       |       |       |       |       |     2 |       |       |     1 ||     3
         Triple Draw       |       |       |       |       |       |     1 |       |       |       ||     1
         Deal Four         |       |       |       |       |       |       |     1 |       |     1 ||     2
Ability: Dig               |       |       |       |     1 |       |     1 |       |       |     1 ||     3
  Evoke: Wand              |       |       |       |     5 |    15 |     2 |     2 |       |    12 ||    36
         Phantom mirror    |       |       |       |       |       |     3 |     2 |       |     2 ||     7
         Phial of floods   |       |       |       |       |       |     1 |       |       |       ||     1
    Use: Scroll            |     1 |     1 |     7 |     4 |     8 |     7 |     4 |     5 |     9 ||    46
         Potion            |       |     4 |     1 |       |       |     7 |     2 |       |     8 ||    22
   Stab: Confused          |       |       |       |     1 |       |       |       |       |       ||     1
         Sleeping          |       |       |       |     1 |       |       |       |       |       ||     1
         Distracted        |       |       |       |       |       |       |     2 |     1 |       ||     3
         Petrified         |       |       |       |       |       |       |     4 |       |       ||     4
 Armour: Robe              |    22 |    28 |    87 |    25 |       |       |       |       |       ||   162
         Troll leather arm |       |       |       |    11 |       |       |       |       |       ||    11
         Leather armour    |       |       |       |    65 |   164 |   110 |       |       |       ||   339
         Swamp dragon scal |       |       |       |       |       |   155 |   308 |    74 |       ||   537
         Ring mail         |       |       |       |       |       |       |       |   188 |   301 ||   489
  Dodge: Dodged            |    33 |    34 |    96 |   140 |   253 |   254 |   275 |   188 |   129 ||  1402
  Block: Buckler           |       |       |       |       |       |    93 |    98 |    60 |       ||   251
         Tower shield      |       |       |       |       |       |       |       |   193 |   351 ||   544
         Kite shield       |       |       |       |       |       |       |       |       |     5 ||     5

Table legend: (Time is in decaauts)
 A = Elapsed time spent in this place.
 B = Non-inter-level travel time spent in this place.
 C = Inter-level travel time spent in this place.
 D = Time resting spent in this place.
 E = Time spent auto-exploring this place.
 F = Levels seen in this place.
 G = Mean time per level.
                   A        B        C        D        E       F      G
               +--------+--------+--------+--------+--------+-----+--------+
         Total | 100453 |  91534 |   8919 |  42829 |  32919 |  57 | 1762.3 |
       Dungeon |  23982 |  20268 |   3714 |   7621 |   9449 |  15 | 1598.8 |
        Temple |     11 |     11 |      0 |      0 |      0 |   1 |   11.0 |
          Lair |  10126 |   9026 |   1100 |   2756 |   4623 |   5 | 2025.2 |
         Swamp |   5111 |   4845 |    266 |   2590 |   1632 |   4 | 1277.8 |
   Spider Nest |   8926 |   8237 |    689 |   4217 |   2674 |   4 | 2231.5 |
    Slime Pits |   4496 |   4218 |    278 |   2598 |   1013 |   5 |  899.2 |
  Orcish Mines |   2258 |   1778 |    480 |    218 |    902 |   2 | 1129.0 |
   Elven Halls |   6479 |   5986 |    493 |   3211 |   1778 |   3 | 2159.7 |
        Vaults |  10044 |   9286 |    758 |   3416 |   4012 |   4 | 2511.0 |
         Crypt |    421 |    409 |     12 |    262 |     41 |   1 |  421.0 |
        Depths |   8570 |   7993 |    577 |   3796 |   2796 |   4 | 2142.5 |
           Zot |  17966 |  17419 |    547 |  11357 |   3503 |   5 | 3593.2 |
        Bazaar |    107 |    107 |      0 |      0 |     55 |   2 |   53.5 |
      Ice Cave |   1327 |   1327 |      0 |    561 |    335 |   1 | 1327.0 |
       Volcano |    622 |    622 |      0 |    225 |    105 |   1 |  622.0 |
               +--------+--------+--------+--------+--------+-----+--------+

Top non-repeatable levels by time:
   Zot:5: 6863 daAuts
   Zot:3: 4982 daAuts
   Elf:3: 3673 daAuts
   Zot:4: 3189 daAuts
Spider:4: 3182 daAuts
Depths:4: 3127 daAuts
Vaults:1: 2825 daAuts
    D:14: 2766 daAuts
Vaults:2: 2533 daAuts
Depths:2: 2507 daAuts
Spider:3: 2422 daAuts
    D:15: 2403 daAuts
Vaults:3: 2364 daAuts
Vaults:4: 2320 daAuts
Spider:1: 2273 daAuts
